 Dungeon Crawl Stone Soup version 0.30-a0-1018-g25214051b3 (webtiles) character file.

Game seed: 625644902992745114

32140 Danienth the Thaumaturge (level 13, -20/141 HPs)
             Began as a Demonspawn Necromancer on Apr 6, 2023.
             Was an Elder of Qazlal.
             Demolished by an enormous slime creature (40 damage)
             ... on level 1 of the Pits of Slime on Apr 7, 2023.
             The game lasted 03:12:09 (14758 turns).

Danienth the Thaumaturge (Demonspawn Necromancer)  Turns: 14758, Time: 03:12:09

Health: -20/141    AC: 22    Str:  8    XL:     13   Next: 29%
Magic:  9/28       EV:  2    Int: 21    God:    Qazlal [****..]
Gold:   629        SH:  5    Dex: 13    Spells: 7/34 levels left

rFire   . . .      SeeInvis +    b - staff of cold
rCold   + . .      Faith    +    (no shield)
rNeg    . . .      Spirit   .    l - melded +2 robe {Archmagi}
rPois   +          Reflect  .    (helmet currently unavailable)
rElec   .          Rampage  .    a - melded +1 cloak
rCorr   .          NoTele   +    j - melded +1 pair of gloves
Will    .....                    e - melded +1 pair of boots
Stlth   ++                       M - amulet of faith
HPRegen 5.43/turn                P - ring of wizardry
MPRegen 0.21/turn                (no ring)

@: tree-form, corroded, freezing walls, animating dead (expiring), hasted, repel
missiles, very quick
A: stationary, stasis, torment immunity, boosted hp, (horns 2), (large bone
plates 2), powered by death 2, demonic magic 2, see invisible, dopey 1,
(electricity resistance)
a: Renounce Religion, Upheaval, Elemental Force


You were on level 1 of the Pits of Slime.
You worshipped Qazlal.
Qazlal was greatly pleased with you.
You were a tree.
You visited 4 branches of the dungeon, and saw 14 of its levels.
You also visited: Ossuary.

You collected 713 gold pieces.
You spent 84 gold pieces at shops.

Inventory:

Hand Weapons
 u - a +2 quarterstaff of chaos
 x - the +11 plutonium sword {Contam Stlth-}
   (You found it on level 4 of the Dungeon)

   Contam:    It causes magical contamination when unequipped.
   Stlth:     It makes you less stealthy.
 y - a +5 flail of protection
 B - a +5 spear
Missiles
 F - a javelin
 S - a curare-tipped dart
Armour
 a - a +1 cloak (melded)
 e - a +1 pair of boots (melded)
 j - a +1 pair of gloves (melded)
 l - a +2 robe of the Archmagi (melded)
 t - a +0 buckler
 v - a +1 cloak
 R - a +1 robe of willpower
Magical Staves
 b - a staff of cold (weapon)
 h - the staff of earth "Pedameg" {Will+ Str-4 Dex+6}
   (You found it on level 2 of the Dungeon)

   [staff of earth]

   Base accuracy: +5 Base damage: 5 Base attack delay: 1.2 This weapon's minimum
   attack delay (0.6) is reached at skill level 12.
   Str:       It affects your strength (-4).
   Dex:       It affects your dexterity (+6).
   Will:      It increases your willpower.
   It falls into the 'Staves' category.
   It is a one-handed weapon.
 Z - a staff of earth
Jewellery
 f - an amulet of regeneration
 M - an amulet of faith (around neck)
 P - a ring of wizardry (left branch)
Wands
 c - a wand of roots (3)
 O - a wand of flame (15)
 W - a wand of acid (14)
Scrolls
 i - 3 scrolls of vulnerability
 k - a scroll of torment
 q - 6 scrolls of identify
 s - 2 scrolls of noise
 J - 3 scrolls of fear (quivered)
 K - 4 scrolls of teleportation
 L - 2 scrolls of enchant armour
 Q - a scroll of fog
 V - a scroll of amnesia
Potions
 d - 7 potions of degeneration
 n - a potion of mutation
 z - a potion of flight
 H - 2 potions of berserk rage
 I - 2 potions of haste
 T - 3 potions of brilliance
 U - a potion of resistance
 X - a potion of magic
Miscellaneous
 G - a lightning rod (2/4)


   Skills:
 * Level 6.5 Fighting
 * Level 5.2 Staves
 * Level 7.3 Dodging
 - Level 4.6 Stealth
 - Level 0.1 Shields
 * Level 11.3 Spellcasting
 * Level 6.4 Conjurations
 + Level 10.8 Necromancy
 + Level 2.1 Transmutations
 * Level 5.0 Ice Magic
 * Level 6.8 Invocations
 + Level 0.1 Evocations


You had 7 spell levels left.
You knew the following spells:

 Your Spells              Type           Power      Damage    Failure   Level
a - Necrotise             Necr           100%       1d9       1%          1
b - Freeze                Ice            100%       1d10      1%          1
c - Vampiric Draining     Necr           55%        2d9       1%          3
d - Magic Dart            Conj           100%       1d8       1%          1
e - Searing Ray           Conj           76%        2d7       1%          2
f - Animate Dead          Necr           55%        N/A       1%          4
g - Frozen Ramparts       Ice            98%        1d15      1%          3
h - Hailstorm             Conj/Ice       52%        3d12      1%          3
i - Ice Form              Ice/Tmut       40%        N/A       5%          4
j - Agony                 Necr           55%        N/A       1%          5

Your spell library contained the following spells:

 Spells                   Type           Power      Damage    Failure   Level
 Fulminant Prism          Conj/Hex       12%        3d9       6%          4
 Simulacrum               Ice/Necr       30%        N/A       13%         6


Dungeon Overview and Level Annotations

Branches:
Dungeon (8/15)             Temple (1/1) D:6            Lair (4/5) D:8
  Swamp (0/4) Lair:2        Snake (0/4) Lair:3        Slime (1/5) Lair:4
Ossuary (visited)

Altars:
Ashenzari
Cheibriados
Dithmenos
Fedhas
Gozag
Hepliaklqana
Kikubaaqudgha
Makhleb
Nemelex Xobeh
Okawaru
Qazlal
Ru
Sif Muna
Trog
Uskayaw
Vehumet
Wu Jian
Xom
Yredelemnul
Jiyva

Shops:
D:5 (


Innate Abilities, Weirdness & Mutations

You are a tree.
Your roots penetrate the ground, keeping you stationary.
You cannot be teleported.
You are immune to unholy pain and torment.
Your maximum health is greatly increased.
Your equipment is partially melded.
((You have a pair of horns on your head.))
((You are mostly covered in large bone plates. (SH +6)))
You regenerate health from kills.
Spells you cast may paralyse nearby enemies.
You have supernaturally acute eyesight. (SInv)
You are dopey. (Int -2)
((You are resistant to electric shocks. (rElec)))


Message History

The acid blob spits acid at you.
The splash of acid hits you but does no damage.
The slime creature hits you!
* * * LOW HITPOINT WARNING * * *
Your slime creature zombie hits the slime creature!
The slime creature dies!
Qazlal accepts your kill.
The dead are walking!
Your fire elemental hits the large slime creature.
Your fire elemental burns the large slime creature!
Your water elemental hits the large slime creature!
The wall freezes the slime creature!
The slime creature hits you!
* * * LOW HITPOINT WARNING * * *
The large slime creature is engulfed in freezing vapours.
The large slime creature hits you but does no damage.
You are confused.
You feel invigorated.
The wall freezes the acid blob!
The acid blob hits you!!
* * * LOW HITPOINT WARNING * * *
The acid corrodes you!
You are splashed with acid.
* * * LOW HITPOINT WARNING * * *
Your fire elemental hits the large slime creature.
Your fire elemental burns the large slime creature!
Your slime creature zombie barely misses the large slime creature.
Your slime creature zombie hits the enormous slime creature!
Your earth elemental hits the large slime creature!!
The large slime creature dies!
Qazlal accepts your kill.
The dead are walking!
You're too confused to cast spells.
You feel better.
You feel less invigorated.
Your quicksilver ooze zombie hits the slime creature.
The slime creature dies!
Qazlal accepts your kill.
The wall freezes the acid blob!
You kill the acid blob!
Qazlal accepts your kill.
The dead are walking!
Your water elemental hits the enormous slime creature!
The enormous slime creature hits you!!!
You die...

... ....
### ....
##.## .....
... #.....
##§##......
#.○.Z#.....
#.E♣.Z...#.
#.Z°JZ#..J.
##.EEZZ....
#..Z..Z..≈.
##.........
#..........
##.#.......
###.....#.
#.#.##


You could see an enormous slime creature (ally target), a slime creature, a
friendly earth elemental (summoned), a friendly water elemental (summoned), a
friendly fire elemental (summoned), a friendly acid blob zombie, 6 friendly
slime creature zombies and a friendly quicksilver ooze zombie.

Vanquished Creatures
  An acid blob (Slime:1)
  A quicksilver ooze (Slime:1)
  A hydra (Lair:4)
  An oklob plant (Lair:3)
  6 cane toads
  2 rime drakes (Lair:3)
  3 komodo dragons
  3 polar bears
  Prince Ribbit (D:6)
  6 blink frogs
  Sigmund (D:3)
  3 slime creatures (Slime:1)
  2 wyverns
  14 yaks
  A steam dragon (D:7)
  5 basilisks
  Edmund (D:5)
  5 nagas (Lair:3)
  Duvessa (D:6)
  7 water moccasins
  3 cane toad zombies
  2 sky beasts
  6 blink frog zombies
  4 black bears
  An ogre (D:7)
  9 wolves
  A centaur (D:6)
  A phantom (D:3)
  A rime drake zombie (Lair:3)
  A kobold brigand (D:8)
  6 bullfrogs
  A komodo dragon zombie (Lair:1)
  5 scorpions
  A wyvern zombie (Lair:3)
  8 wights (D:7)
  3 water moccasin zombies
  9 yak zombies
  Dowan (D:6)
  A queen bee zombie (Lair:3)
  A polar bear zombie (Lair:1)
  12 killer bees (Lair:3)
  10 wolf zombies
  4 electric eels (Lair:2)
  3 bullfrog zombies
  3 hounds
  A basilisk zombie (Lair:3)
  Crazy Yiuf (D:3)
  3 black bear zombies (D:8)
  3 jellies
  A sleepcap (D:5)
  Jessica (D:3)
  Natasha (thrice) (D:3)
  3 iguanas
  3 orc wizards
  9 killer bee zombies (Lair:3)
  An ogre zombie (D:7)
  4 naga zombies (Lair:3)
  2 mummies
  Robin (D:3)
  4 gnolls (D:5)
  6 adders
  A shadow imp (D:7)
  A white imp (D:6)
  An ufetubus (D:6)
  2 worms
  A dart slug (D:1)
  17 orcs
  4 spectral bats (Ossuary)
  9 endoplasms
  3 giant cockroaches
  12 gnoll zombies (Ossuary)
  18 goblins
  7 hobgoblins
  4 jackals (D:1)
  4 quokkas
  8 ball pythons
  3 bats
  3 bat simulacra (Ossuary)
  4 frilled lizards
  2 goblin simulacra (Ossuary)
  4 goblin zombies (Ossuary)
  5 hobgoblin zombies
  7 kobolds
  4 kobold simulacra (Ossuary)
  5 kobold zombies (Ossuary)
  9 orc zombies
  4 rats
  2 rat simulacra (Ossuary)
  5 spectral goblins (Ossuary)
  A spectral kobold (Ossuary)
  3 spectral rats (Ossuary)
361 creatures vanquished.

Vanquished Creatures (collateral kills)
  2 rime drakes
  A queen bee (Lair:3)
  2 blink frogs (Lair:4)
  4 slime creatures (Slime:1)
  3 yaks (Lair:1)
  2 nagas (Lair:3)
  A water moccasin (D:8)
  A black bear (D:8)
  3 wolves
  2 bullfrogs (D:8)
  5 killer bees (Lair:3)
  2 electric eels (Lair:2)
  An orc wizard (D:8)
  2 orcs (D:8)
  An endoplasm (Lair:4)
  A hobgoblin (D:3)
  A butterfly (Lair:1)
34 creatures vanquished.

Vanquished Creatures (others)
  A blink frog zombie (Lair:4)
  2 yak zombies (Lair:1)
  A wolf zombie (Lair:1)
  23 fungi
  17 plants
44 creatures vanquished.

Grand Total: 439 creatures vanquished

Notes
Turn   | Place    | Note
-------+----------+-------------------------------------------
     0 | D:1      | Danienth the Demonspawn Necromancer began the quest for the
                  | Orb.
     0 | D:1      | Reached XP level 1. HP: 13/13 MP: 3/3
   121 | D:1      | Learned a level 1 spell: Magic Dart
   138 | D:1      | Gained mutation: Spells you cast may paralyse adjacent
                  | enemies. [demonic ancestry]
   138 | D:1      | Reached XP level 2. HP: 19/19 MP: 1/5
  1249 | D:1      | Found a faded altar of an unknown god.
  1257 | D:1      | Prayed at the altar of an unknown god.
  1257 | D:1      | Became a worshipper of Qazlal Stormbringer
  1257 | D:1      | Reached * piety under Qazlal
  1463 | D:2      | Reached XP level 3. HP: 24/24 MP: 1/6
  1761 | D:2      | Learned a level 3 spell: Vampiric Draining
  1919 | D:2      | Identified the staff of earth "Pedameg" {Will+ Str-4 Dex+6}
  2186 | D:2      | Reached skill level 5 in Necromancy
  2845 | D:3      | Noticed Robin
  2865 | D:3      | Killed Robin
  2866 | D:3      | Gained mutation: You have a pair of small horns on your
                  | head. [demonic ancestry]
  2866 | D:3      | Reached XP level 4. HP: 28/30 MP: 0/8
  2877 | D:3      | Reached ** piety under Qazlal
  2959 | D:3      | Noticed Jessica
  2962 | D:3      | Killed Jessica
  2963 | D:3      | Reached skill level 3 in Spellcasting
  3038 | D:3      | Noticed Sigmund
  3061 | D:3      | Killed Sigmund
  3062 | D:3      | Gained mutation: You regenerate a little health from kills.
                  | [demonic ancestry]
  3062 | D:3      | Reached XP level 5. HP: 36/36 MP: 0/10
  3062 | D:3      | Reached XP level 6. HP: 42/42 MP: 0/11
  3270 | D:3      | Noticed Natasha
  3274 | D:3      | Killed Natasha
  3432 | D:3      | Noticed Natasha
  3435 | D:3      | Killed Natasha
  3436 | D:3      | Reached skill level 1 in Fighting
  3465 | D:3      | Noticed Natasha
  3473 | D:3      | Killed Natasha
  3737 | D:3      | Found a runed translucent door.
  3738 | D:3      | Noticed Crazy Yiuf
  3746 | D:3      | Killed Crazy Yiuf
  3747 | D:3      | Reached skill level 4 in Spellcasting
  3873 | D:4      | Learned a level 1 spell: Freeze
  3875 | D:4      | Learned a level 1 spell: Magic Dart
  3878 | D:4      | Learned a level 2 spell: Searing Ray
  3951 | D:4      | Reached XP level 7. HP: 48/48 MP: 9/13
  4008 | D:4      | Reached skill level 1 in Staves
  4039 | D:4      | Found the +11 plutonium sword {Contam Stlth-}
  4282 | D:4      | Found a broken altar of Ashenzari.
  4321 | D:4      | Learned a level 4 spell: Animate Dead
  4393 | D:4      | You fall into a shaft and drop 3 floors!
  5026 | D:7      | Reached skill level 1 in Conjurations
  5035 | D:7      | Gained mutation: You regenerate health from kills. [demonic
                  | ancestry]
  5035 | D:7      | Reached XP level 8. HP: 52/56 MP: 1/15
  5189 | D:7      | Reached skill level 1 in Ice Magic
  5201 | D:7      | Reached skill level 5 in Spellcasting
  5701 | D:7      | Reached *** piety under Qazlal
  6225 | D:7      | Learned a level 3 spell: Frozen Ramparts
  6229 | D:7      | Learned a level 3 spell: Hailstorm
  6297 | D:6      | Noticed Duvessa
  6297 | D:6      | Noticed Dowan
  6303 | D:6      | Killed Dowan
  6318 | D:6      | Killed Duvessa
  6319 | D:6      | Reached skill level 6 in Spellcasting
  6575 | D:6      | Noticed Prince Ribbit
  6588 | D:6      | Killed Prince Ribbit
  6589 | D:6      | Gained mutation: You have a pair of horns on your head.
                  | [demonic ancestry]
  6589 | D:6      | Reached XP level 9. HP: 42/63 MP: 1/18
  6590 | D:6      | Gained mutation: Your system is resistant to poisons.
                  | (rPois) [potion of mutation]
  6590 | D:6      | Gained mutation: Your mind is acute. (Int +4, Str/Dex -1)
                  | [potion of mutation]
  7144 | D:6      | Found a bloodstained altar of Trog.
  7268 | D:6      | Found a staircase to the Ecumenical Temple.
  7276 | Temple   | Entered the Ecumenical Temple
  7487 | D:5      | Entered Level 5 of the Dungeon
  7490 | D:5      | Noticed Edmund
  7497 | D:5      | Killed Edmund
  7498 | D:5      | Reached skill level 7 in Spellcasting
  7635 | D:5      | Found a sand-covered staircase.
  7648 | Ossuary  | Entered an ossuary
  7735 | Ossuary  | Learned a level 4 spell: Ice Form
  7861 | Ossuary  | Reached **** piety under Qazlal
  8556 | D:5      | Found Syloed's Antique Weapon Shop.
  8564 | D:5      | Bought a quarterstaff for 84 gold pieces
  8626 | D:5      | Found a shimmering blue altar of Sif Muna.
  8626 | D:5      | Found an ancient bone altar of Kikubaaqudgha.
  8626 | D:5      | Found a snail-covered altar of Cheibriados.
  8665 | D:5      | Found a basalt altar of Yredelemnul.
  9572 | D:8      | Gained mutation: You are partially covered in large bone
                  | plates. (SH +4) [demonic ancestry]
  9572 | D:8      | Reached XP level 10. HP: 71/71 MP: 3/21
  9576 | D:8      | Reached skill level 1 in Invocations
  9763 | D:8      | Found a staircase to the Lair.
  9773 | Lair:1   | Entered Level 1 of the Lair of Beasts
  9784 | Lair:1   | Reached skill level 8 in Spellcasting
  9786 | Lair:1   | Reached ***** piety under Qazlal
  9787 | Lair:1   | Reached skill level 5 in Dodging
 10299 | Lair:1   | Reached skill level 9 in Spellcasting
 10576 | Lair:1   | Reached skill level 5 in Fighting
 10973 | Lair:2   | Gained mutation: You are mostly covered in large bone
                  | plates. (SH +6) [demonic ancestry]
 10973 | Lair:2   | Reached XP level 11. HP: 64/79 MP: 12/24
 11643 | Lair:2   | Found a staircase to the Swamp.
 12847 | Lair:3   | Found a shimmering altar of Xom.
 12847 | Lair:3   | Noticed an oklob plant
 13035 | Lair:3   | Upgraded the game from 0.30-a0-1016-gfb0d676c02 to
                  | 0.30-a0-1018-g25214051b3
 13068 | Lair:3   | Killed an oklob plant
 13069 | Lair:3   | Reached skill level 10 in Spellcasting
 13069 | Lair:3   | Reached skill level 10 in Necromancy
 13083 | Lair:3   | Reached skill level 5 in Invocations
 13157 | Lair:3   | Reached skill level 5 in Conjurations
 13293 | Lair:3   | Found a staircase to the Snake Pit.
 13462 | Lair:3   | Found a snail-covered altar of Cheibriados.
 14261 | Lair:4   | Noticed an eight-headed hydra
 14286 | Lair:4   | Killed an eight-headed hydra
 14287 | Lair:4   | Gained mutation: Spells you cast may paralyse nearby
                  | enemies. [demonic ancestry]
 14287 | Lair:4   | Reached XP level 12. HP: 53/87 MP: 17/26
 14287 | Lair:4   | Lost mutation: Your system is resistant to poisons. (rPois)
                  | [potion of mutation]
 14287 | Lair:4   | Lost mutation: Your mind is acute. (Int +4, Str/Dex -1)
                  | [potion of mutation]
 14287 | Lair:4   | Gained mutation: You are dopey. (Int -2) [potion of
                  | mutation]
 14287 | Lair:4   | Gained mutation: A frigid envelope surrounds you and
                  | freezes all who hurt you. [potion of mutation]
 14287 | Lair:4   | Gained mutation: You have an increased reservoir of magic.
                  | (+10% MP) [potion of mutation]
 14288 | Lair:4   | Lost mutation: A frigid envelope surrounds you and freezes
                  | all who hurt you. [potion of mutation]
 14288 | Lair:4   | Lost mutation: You are dopey. (Int -2) [potion of mutation]
 14288 | Lair:4   | Lost mutation: You have an increased reservoir of magic.
                  | (+10% MP) [potion of mutation]
 14288 | Lair:4   | Gained mutation: Armour fits poorly on your strangely
                  | shaped body. [potion of mutation]
 14289 | Lair:4   | Lost mutation: Armour fits poorly on your strangely shaped
                  | body. [potion of mutation]
 14289 | Lair:4   | Gained mutation: You are clumsy. (Dex -2) [potion of
                  | mutation]
 14289 | Lair:4   | Gained mutation: Your flesh is cold resistant. (rC+)
                  | [potion of mutation]
 14289 | Lair:4   | Gained mutation: Your spells are a little harder to cast,
                  | but a little more powerful. [potion of mutation]
 14290 | Lair:4   | Lost mutation: Your spells are a little harder to cast, but
                  | a little more powerful. [potion of mutation]
 14290 | Lair:4   | Lost mutation: Your flesh is cold resistant. (rC+) [potion
                  | of mutation]
 14290 | Lair:4   | Lost mutation: You are clumsy. (Dex -2) [potion of
                  | mutation]
 14290 | Lair:4   | Gained mutation: You are strong-willed. (Will+) [potion of
                  | mutation]
 14290 | Lair:4   | Gained mutation: Your spells are a little harder to cast,
                  | but a little more powerful. [potion of mutation]
 14291 | Lair:4   | Lost mutation: You are strong-willed. (Will+) [potion of
                  | mutation]
 14291 | Lair:4   | Lost mutation: Your spells are a little harder to cast, but
                  | a little more powerful. [potion of mutation]
 14291 | Lair:4   | Gained mutation: You are dopey. (Int -2) [potion of
                  | mutation]
 14291 | Lair:4   | Gained mutation: You have supernaturally acute eyesight.
                  | (SInv) [potion of mutation]
 14291 | Lair:4   | Gained mutation: You are resistant to electric shocks.
                  | (rElec) [potion of mutation]
 14303 | Lair:4   | Learned a level 5 spell: Agony
 14481 | Lair:4   | Reached skill level 5 in Staves
 14481 | Lair:4   | Reached skill level 11 in Spellcasting
 14481 | Lair:4   | Reached skill level 5 in Ice Magic
 14481 | Lair:4   | Reached XP level 13. HP: 53/94 MP: 17/28
 14664 | Lair:4   | Found a runed translucent door.
 14665 | Lair:4   | Found a viscous altar of Jiyva.
 14719 | Lair:4   | Found a staircase to the Slime Pits.
 14732 | Slime:1  | Entered Level 1 of the Pits of Slime
 14742 | Slime:1  | Noticed a quicksilver ooze
 14747 | Slime:1  | Noticed an acid blob
 14754 | Slime:1  | Killed a quicksilver ooze
 14758 | Slime:1  | Killed an acid blob
 14758 | Slime:1  | Demolished by an enormous slime creature

Illustrated notes

Levels and vault maps discovered:
D:1:      dpeg_arrival_long_road, layout_loops_corners,
          ebering_ecumenical_altar_hall, minmay_box_of_dots
D:2:      layout_loops_ring
D:3:      layout_loops_ring, minmay_misc_feat_hallway, uniq_natasha,
          uniq_sigmund, uniq_crazy_yiuf_cottage, uniq_robin, uniq_jessica
D:4:      layout_cave_pods, mainiacjoe_overflow_small_starburst,
          serial_bayou_pond_e
D:5:      layout_cave_pools, mainiacjoe_overflow_alcove_2,
          gammafunk_temple_overflow_claw, serial_shops,
          nicolae_shop_advertising_works [nicolae_subvault_shop_adworks],
          nicolae_ossuary_entry_giza, kennysheep_small_circle, uniq_edmund
D:6:      layout_rooms, overflow_temple_1_default,
          minmay_temple_entry_enclosed_plants, uniq_duvessa, uniq_prince_ribbit1
D:7:      layout_layer_cave
D:8:      layout_loops_cross, zin_angel, due_lair_maze_entry_diamond,
          ebering_ghost_xom, hellmonk_guarded_unrand_vines, uniq_maggie
Temple:   zaba_magenta_temple
Lair:1:   layout_regular_city, lemuel_fruit_fields
Lair:2:   layout_loops_ring, minmay_swamp_entry_eels,
          chequers_serial_rivers_small_3, serial_bayou_shore_a
Lair:3:   layout_cave_pods, minmay_snake_entry_guardpost_large, basic_altar,
          special_room [special_room_bee], lemuel_oklob_altar,
          grunt_megastairs_5
Lair:4:   layout_regular_city, slime_entry_2, minmay_hedge_maze,
          chequers_serial_rivers_micro_a
Slime:1:  layout_caves

Skill      XL: |  1  2  3  4  5  6  7  8  9 10 11 12 |
---------------+-------------------------------------+-----
Stealth        | 2 3 4 |  4.6
Dodging        | 2 3 4 5 6 7 |  7.3
Necromancy     | 5 6 7 8 9 10 | 10.8
Spellcasting   | 3 4 6 7 9 10 11 | 11.3
Fighting       | 1 2 3 5 6 |  6.5
Staves         | 1 2 3 4 5 |  5.2
Conjurations   | 1 2 3 4 5 6 |  6.4
Ice Magic      | 2 3 4 5 |  5.0
Invocations    | 4 5 6 |  6.8
Transmutations | 2 |  2.1
Shields        | |  0.1
Evocations     | |  0.1

Action                     |  1- 3 |  4- 6 |  7- 9 | 10-12 | 13-15 || total
---------------------------+-------+-------+-------+-------+-------++-------
  Melee: Unarmed           |     3 |       |       |    51 |       ||    54
         Staff             |    11 |    16 |   281 |   101 |       ||   409
         Headbutt          |       |     3 |    81 |    26 |       ||   110
         Punch             |       |     2 |     3 |     2 |       ||     7
  Throw: Javelin           |       |       |     4 |     2 |       ||     6
         Dart              |       |       |       |     1 |       ||     1
   Cast: Necrotise         |    74 |    49 |   171 |   146 |     4 ||   444
         Magic Dart        |     5 |       |     6 |     3 |     5 ||    19
         Searing Ray       |       |       |    13 |     1 |       ||    14
         Vampiric Draining |       |       |    10 |     7 |       ||    17
         Animate Dead      |       |       |     4 |    17 |     1 ||    22
         Freeze            |       |       |     9 |     9 |       ||    18
         Frozen Ramparts   |       |       |     5 |    15 |     2 ||    22
         Hailstorm         |       |       |     1 |     6 |     3 ||    10
         Ice Form          |       |       |       |     6 |       ||     6
 Invoke: Upheaval          |       |     1 |       |       |       ||     1
         Elemental Force   |       |       |     1 |     1 |     1 ||     3
         Disaster Area     |       |       |       |     1 |     1 ||     2
  Evoke: Wand              |       |    15 |     1 |     1 |       ||    17
         Lightning rod     |       |       |       |     3 |       ||     3
    Use: Potion            |     1 |       |     4 |    15 |     5 ||    25
         Scroll            |     2 |     3 |     5 |    10 |       ||    20
   Stab: Paralysed         |     5 |     2 |    11 |    17 |       ||    35
         Sleeping          |     1 |       |       |       |       ||     1
         Distracted        |       |       |     1 |       |       ||     1
 Armour: Robe              |     7 |     4 |    90 |    43 |     2 ||   146
         Skin              |       |     5 |       |    50 |    16 ||    71
  Dodge: Dodged            |    12 |    31 |   181 |   149 |     3 ||   376
         Repelled          |       |       |       |    10 |       ||    10
  Block: Other             |     1 |     5 |    64 |   148 |     5 ||   223
         Buckler           |       |       |     9 |       |       ||     9

Table legend: (Time is in decaauts)
 A = Elapsed time spent in this place.
 B = Non-inter-level travel time spent in this place.
 C = Inter-level travel time spent in this place.
 D = Time resting spent in this place.
 E = Time spent auto-exploring this place.
 F = Levels seen in this place.
 G = Mean time per level.
                   A        B        C        D        E       F      G
               +--------+--------+--------+--------+--------+-----+--------+
         Total |  14852 |  13730 |   1122 |   1867 |   9318 |  15 |  990.1 |
       Dungeon |   9068 |   8307 |    761 |   1316 |   5750 |   8 | 1133.5 |
        Temple |     93 |     63 |     30 |      0 |     58 |   1 |   93.0 |
          Lair |   4975 |   4644 |    331 |    546 |   3270 |   4 | 1243.8 |
    Slime Pits |     25 |     25 |      0 |      5 |      0 |   1 |   25.0 |
       Ossuary |    689 |    689 |      0 |      0 |    240 |   1 |  689.0 |
               +--------+--------+--------+--------+--------+-----+--------+

Top non-repeatable levels by time:
     D:7: 2303 daAuts
  Lair:3: 1828 daAuts
  Lair:2: 1558 daAuts
     D:2: 1432 daAuts
     D:1: 1428 daAuts
  Lair:1: 1073 daAuts
     D:3: 1058 daAuts
     D:4: 1015 daAuts
     D:5: 818 daAuts
     D:6: 789 daAuts
 Ossuary: 689 daAuts
  Lair:4: 515 daAuts
     D:8: 223 daAuts
  Temple: 93 daAuts
 Slime:1: 25 daAuts
